 Dungeon Crawl Stone Soup version 0.18-a0-1745-gffa9a88 (webtiles) character file.

88 namelastname112 the Skirmisher (level 4, -1/40 HPs)
             Began as a Draconian Abyssal Knight on Apr 11, 2016.
             Was a Believer of Lugonu.
             Slain by an orc priest
             ... wielding a +1 hand axe of chopping
              (2 damage)
             ... on level 2 of the Dungeon.
             The game lasted 00:02:35 (2059 turns).

namelastname112 the Skirmisher (DrAK)               Turns: 2059, Time: 00:02:36

Health: -1/40      AC:  5    Str: 14    XL:     4   Next: 29%
Magic:  6/6        EV: 12    Int: 13    God:    Lugonu [**....]
Gold:   89         SH:  0    Dex: 11    Spells: 0 memorised, 3 levels left

rFire  . . .     SeeInvis .     a - +1 falchion
rCold  . . .     Gourm    .     (armour unavailable)
rNeg   . . .     Faith    .     (no shield)
rPois  .         Spirit   .     (helmet restricted)
rElec  .         Dismiss  .     (no cloak)
rCorr  .         Reflect  .     (no gloves)
SustAt .         Harm     .     (no boots)
MR     .....                    (no amulet)
Stlth  +.........               (no ring)
                                (no ring)

@: not resistant to hostile enchantments, very unstealthy
A: unfitting armour, cold-blooded, AC +5
a: Depart the Abyss, Bend Space, Renounce Religion


You were on level 2 of the Dungeon.
You worshipped Lugonu.
Lugonu was pleased with you.
You were not hungry.

You visited 1 branch of the dungeon, and saw 3 of its levels.
You visited the Abyss 1 time.

You collected 89 gold pieces.

Inventory:

Hand Weapons
 a - a +1 falchion (weapon)
Jewellery
 n - an uncursed ring of fire
Scrolls
 c - 2 scrolls of blinking {unknown}
 d - a scroll of fear {unknown}
 e - 2 scrolls of teleportation {unknown}
 f - a scroll of amnesia {unknown}
 j - 2 scrolls of identify {unknown}
 k - a scroll of magic mapping {unknown}
 m - a scroll of noise {unknown}
Potions
 i - a potion of curing {unknown}
 l - a potion of haste {unknown}
 o - a potion of brilliance {unknown}
 p - a potion of cancellation {unknown}
 q - a potion of heal wounds {unknown}
 r - 2 potions of mutation {unknown}
Comestibles
 b - 4 bread rations
 g - a fruit
 h - a meat ration
 s - 2 chunks of flesh


   Skills:
 + Level 3.7 Fighting
 * Level 3.3 Long Blades
 + Level 2.3 Dodging
 * Level 3.2 Invocations


You had 3 spell levels left.
You didn't know any spells.

Dungeon Overview and Level Annotations

Branches:
Dungeon (3/15)

Altars:
Gozag


Innate Abilities, Weirdness & Mutations

Your plain brown scales are hard (AC +5).
Your body does not fit into most forms of armour.
You are cold-blooded and may be slowed by cold attacks.


Message History

Pain shoots through your body!
You hit the orc priest but do no damage.
The orc priest is heavily wounded.
The orc priest hits you with a hand axe of chopping.
* * * LOW HITPOINT WARNING * * *
x2
Press: ? - help, v - describe, . - travel, g - get item
Here: an orc priest, wielding a hand axe of chopping and wearing a chain mail (heavily wounded)
A trident.
The floor, spattered with blood.
Unknown command.
Unknown command.
You hit the orc priest.
The orc priest is almost dead.
The orc priest hits you with a hand axe of chopping.
* * * LOW HITPOINT WARNING * * *
x2 You hit the orc priest but do no damage.
The orc priest is almost dead.
The orc priest hits you with a hand axe of chopping.
* * * LOW HITPOINT WARNING * * *
You die...

###### #..... #.#### #.#
#.# #.#
#####################.#
#<....................####
#########@o...............
#...................†
#.##.#########...####
#.##.#########...#
#.##.##......#...#
#....##......#...#
#....##......#...####
#....#......)#.......
#....#.......#...###.


You could see an orc priest.

Vanquished Creatures
  3 adders (D:2)
  A dart slug (D:2)
  2 giant geckos
  2 orcs (D:2)
  8 goblins
  9 hobgoblins (D:1)
  2 jackals (D:1)
  5 kobolds
  A quokka (D:2)
  8 bats
  3 giant newts (D:2)
  10 rats
54 creatures vanquished.

Notes
Turn   | Place    | Note
--------------------------------------------------------------
     0 | Abyss:1  | namelastname112 the Draconian Abyssal Knight began the quest for the Orb.
     0 | Abyss:1  | Reached XP level 1. HP: 19/19 MP: 2/2
    62 | Abyss:1  | Noticed a tentacled starspawn
    69 | D:1      | Escaped the Abyss
    78 | D:1      | Reached * piety under Lugonu
   178 | D:1      | Reached XP level 2. HP: 17/26 MP: 3/3
   459 | D:1      | Reached XP level 3. HP: 25/31 MP: 4/4
   582 | D:1      | Reached ** piety under Lugonu
   938 | D:2      | Found an opulent altar of Gozag.
  1305 | D:2      | Reached XP level 4. HP: 40/40 MP: 6/6
  2059 | D:2      | HP: 1/40 [orc priest/hand axe of chopping (6)]
  2059 | D:2      | Slain by an orc priest

Vault maps used:
D:1:      onia_arrival_handbag, serial_forest, infiniplex_forest_clump_double,
          infiniplex_forest_clump_medium, infiniplex_forest_clump_curved,
          infiniplex_forest_clump_large, infiniplex_forest_lined_corner,
          infiniplex_forest_end_3
D:2:      first_bread, nicolae_gozag_cash_rules_everything_around_me
D:3:      lemuel_castle_with_subvaults, uniq_natasha, uniq_crazy_yiuf_cottage,
          uniq_jessica

Skill      XL: |  1  2  3 |
---------------+----------+-----
Long Blades    | 3 |  3.3
Invocations    | 3 |  3.2
Fighting       | |  3.7
Dodging        | |  2.3

Action                   |  1- 3 |  4- 6 || total
-------------------------+-------+-------++-------
Melee: Falchion          |   127 |    39 ||   166
Invok: Depart the Abyss  |     1 |       ||     1
 Stab: Sleeping          |     1 |       ||     1
  Eat: Chunk             |     1 |     3 ||     4
